 Dungeon Crawl Stone Soup version 0.28.0-53-g5a82cb258f (webtiles) character file.

Game seed: 17432068798916400074

6936 issech the Cruncher (level 10, -5/81 HPs)
             Began as a Minotaur Monk on June 12, 2022.
             Was an Elder of Hepliaklqana.
             Killed from afar by an efreet (19 damage)
             ... with a fireball
             ... on level 9 of the Dungeon.
             The game lasted 00:34:14 (10585 turns).

issech the Cruncher (Minotaur Monk)                Turns: 10585, Time: 00:34:14

Health: -5/81      AC: 23    Str: 16    XL:     10   Next: 80%
Magic:  9/9        EV:  7    Int:  7    God:    Hepliaklqana [****..]
Gold:   350        SH:  0    Dex: 17    Spells: 9/9 levels left

rFire   . . .      SeeInvis .   x - +4 quarterstaff (chaos)
rCold   . . .      Faith    .   (shield currently unavailable)
rNeg    . . .      Spirit   .   w - +0 plate armour
rPois   .          Reflect  .   (helmet restricted)
rElec   .          Harm     .   o - +0 cloak
rCorr   .          Rampage  .   (no gloves)
Will    .....                   (no boots)
Stlth   ..........              t - amulet of the acrobat
HPRegen 0.23/turn               b - +4 ring of protection
MPRegen 0.11/turn               S - +4 ring of protection

@: no status effects
A: reduced essence, horns 2, retaliatory headbutt
a: Renounce Religion, Recall Ancestor, Ancestor Identity, Transference, Idealise


You were on level 9 of the Dungeon.
You worshipped Hepliaklqana.
Hepliaklqana was greatly pleased with you.
You visited 2 branches of the dungeon, and saw 10 of its levels.
You also visited: Sewer and Ossuary.

You collected 350 gold pieces.

Inventory:

Hand Weapons
 a - a +0 vorpal shortbow
 x - a +4 quarterstaff of chaos (weapon)
 z - a +7 club
 A - a +1 flail of protection
 B - a +1 dire flail of freezing
 M - a +0 hunting sling
Missiles
 e - 51 sling bullets
 f - 212 stones (quivered)
 h - a silver boomerang
 n - 21 poisoned darts
 p - 185 arrows
 R - a throwing net
 T - 61 bolts
 X - 3 boomerangs
Armour
 o - a +0 cloak (worn)
 w - a +0 plate armour (worn)
 E - a +1 robe of fire resistance
Jewellery
 b - a +4 ring of protection (left hand)
 t - an amulet of the acrobat (around neck)
 S - a +4 ring of protection (right hand)
Wands
 i - a wand of acid (11)
 y - a wand of polymorph (4)
Scrolls
 c - 3 scrolls of amnesia
 d - 3 scrolls of magic mapping
 k - 2 scrolls of fog
 l - 3 scrolls of teleportation
 m - a scroll of silence
 r - 2 scrolls of blinking
 D - 2 scrolls of fear
 I - 3 scrolls of enchant weapon
 J - 2 scrolls of enchant armour {unknown}
 P - 2 scrolls of brand weapon {unknown}
 W - a scroll of summoning {unknown}
Potions
 g - 5 potions of degeneration {unknown}
 j - a potion of invisibility {unknown}
 q - 2 potions of cancellation {unknown}
 s - 2 potions of resistance {unknown}
 u - a potion of ambrosia {unknown}
 F - 5 potions of heal wounds {unknown}
 G - 2 potions of curing {unknown}
 H - 2 potions of flight {unknown}
 K - 5 potions of mutation {unknown}
 L - 2 potions of attraction {unknown}
 N - 2 potions of magic {unknown}
 Q - 2 potions of might {unknown}


   Skills:
 + Level 9.0 Fighting
 + Level 1.0 Short Blades
 + Level 4.7(5.0) Axes
 + Level 2.3(7.9) Polearms
 + Level 10.8(10.9) Staves
 + Level 6.3 Bows
 + Level 3.0 Throwing
 + Level 9.4 Armour
 + Level 5.1 Dodging
 + Level 3.3 Stealth
 + Level 0.2 Unarmed Combat


You had 9 spell levels left.
You didn't know any spells.
Your spell library contained the following spells:

 Spells                   Type           Power      Damage    Failure   Level
 Slow                     Hex            0%         N/A       100%        1
 Blink                    Tloc           0%         N/A       100%        2
 Confusing Touch          Hex            0%         N/A       100%        3
 Lesser Beckoning         Tloc           0%         N/A       100%        3
 Vampiric Draining        Necr           0%         2d6       100%        3
 Manifold Assault         Tloc           0%         N/A       100%        5


Dungeon Overview and Level Annotations

Branches:
Dungeon (9/15)             Temple (1/1) D:5           Sewer (visited)
Ossuary (visited)
   Lair: D:8-11         Orc: D:9-12

Altars:
Ashenzari
Dithmenos
Elyvilon
Fedhas
Hepliaklqana
Okawaru
Qazlal
Ru
Trog
Uskayaw
Vehumet
Wu Jian
Xom
Yredelemnul
The Shining One

Shops:
D:4 [:(*


Innate Abilities, Weirdness & Mutations

Your life essence is reduced to manifest your ancestor. (-10% HP)
You have a pair of horns on your head.
You reflexively headbutt those who attack you in melee.


Message History

You sock the killer bee!
You kill the killer bee!
You start resting.
An orc wizard is nearby!
The orc wizard points at you and mumbles some strange words.
You easily resist.
The orc wizard hits you but does no damage.
You hit the orc wizard.
The orc wizard is heavily wounded.
The orc wizard closely misses you.
You hit the orc wizard.
The orc wizard's magic leaks into the air.
The orc wizard is severely wounded.
The orc wizard hits you with a +0 dagger.
* * * LOW HITPOINT WARNING * * *
You hit the orc wizard.
You feel better.
The orc wizard is almost dead.
You barely miss the orc wizard.
The orc wizard is almost dead.
The orc wizard falters for a moment.
You sock the orc wizard!
You kill the orc wizard!
Things that are here:
a +0 dagger; a +0 robe You start resting.
An efreet is nearby!
The efreet hits you but does no damage.
You hit the efreet.
The efreet is lightly wounded.
You sock the efreet!
The efreet is heavily wounded.
The efreet hits you with a +2 scimitar of flaming!
* * * LOW HITPOINT WARNING * * *
The efreet burns you.
* * * LOW HITPOINT WARNING * * *
You hit the efreet but do no damage. You headbutt the efreet.
The efreet is heavily wounded.
The efreet gestures at you.
The fireball explodes!
The fireball engulfs you!!
You die...

....#.............## ###.###
....#............## #...#
....#..........### #._.#
)...#.........## #...#
[[..+........## #####
....#........###############
###.....[...................
#......................... .
#.............@R○.........
..#.............#.°..........
.............#####°...........
.............# ##...........
.............# #####..........
.............# #...☼..........
#............# #..............
#............# #..............
#............# #..............


You could see an efreet.

Vanquished Creatures
  A two-headed ogre (D:9)
  Pikel (D:5)
  3 yaks (D:8)
  A steam dragon (D:7)
  A water moccasin (D:9)
  A hornet zombie (D:8)
  5 centaurs
  An ogre (D:7)
  A lemure (D:5)
  A scorpion (D:4)
  A wyvern zombie (Ossuary)
  2 water moccasin zombies (Ossuary)
  4 killer bees
  7 wights
  A howler monkey (D:6)
  4 bullfrog zombies (Ossuary)
  4 centaur zombies
  A jelly (D:5)
  A centaur skeleton (D:4)
  Crazy Yiuf (D:3)
  A hound (D:6)
  2 gnoll shamans
  Ijyb (D:4)
  3 orc wizards (D:9)
  A killer bee zombie (Ossuary)
  7 mummies (Ossuary)
  A howler monkey zombie (D:8)
  14 gnolls
  6 adders
  A worm (D:4)
  3 dart slugs
  12 orcs
  8 ball pythons
  7 endoplasms
  6 giant cockroaches
  7 goblins
  7 hobgoblins
  3 jackals
  7 kobolds
  3 quokkas
  4 bats
  3 frilled lizards
  3 rats
  A bush (D:6)
153 creatures vanquished.

Vanquished Creatures (collateral kills)
  A two-headed ogre (D:8)
  A gargoyle (D:9)
  A vampire (D:9)
  2 yaks (D:8)
  Sigmund (D:6)
  A water moccasin (Sewer)
  An orc warrior (D:9)
  A sky beast (D:7)
  A hornet zombie (Ossuary)
  A centaur (D:6)
  A phantom (D:5)
  A bullfrog (D:6)
  2 water moccasin zombies (Ossuary)
  A water moccasin skeleton (D:5)
  2 wights (D:6)
  3 killer bees
  A bullfrog zombie (Ossuary)
  7 centaur zombies
  A hound (D:5)
  An iguana (D:6)
  2 orc wizards (D:5)
  A killer bee zombie (Ossuary)
  4 mummies
  2 howler monkey zombies
  2 adders (D:6)
  7 gnolls
  A white imp (D:6)
  5 orcs
  A giant cockroach (D:5)
  A bush (D:6)
57 creatures vanquished.

Vanquished Creatures (others)
  A killer bee (D:9)
  4 battlemagi
  7 withered plants (Ossuary)
12 creatures vanquished.

Grand Total: 222 creatures vanquished

Notes
Turn   | Place    | Note
-------+----------+-------------------------------------------
     0 | D:1      | issech the Minotaur Monk began the quest for the Orb.
     0 | D:1      | Reached XP level 1. HP: 19/19 MP: 0/0
   374 | D:1      | Reached XP level 2. HP: 24/27 MP: 1/1
   850 | D:1      | Reached XP level 3. HP: 33/33 MP: 2/2
  2113 | D:3      | Reached skill level 1 in Armour
  2119 | D:3      | Found a faded altar of an unknown god.
  2237 | D:3      | Reached XP level 4. HP: 29/40 MP: 3/3
  2999 | D:3      | Found a runed translucent door.
  3000 | D:3      | Noticed Crazy Yiuf
  3118 | D:3      | Killed Crazy Yiuf
  3119 | D:3      | Reached skill level 1 in Polearms
  3432 | D:4      | Reached XP level 5. HP: 43/47 MP: 4/4
  3474 | D:4      | Noticed Ijyb
  3483 | D:4      | Killed Ijyb
  3522 | D:4      | Found Zoelixt's Book Shop.
  3620 | D:4      | Noticed a centaur
  3630 | D:4      | Killed a centaur
  3631 | D:4      | Reached skill level 1 in Staves
  3631 | D:4      | Reached XP level 6. HP: 46/55 MP: 5/5
  3689 | D:4      | Reached skill level 1 in Short Blades
  3737 | D:4      | Found Pusanoemi's Armour Boutique.
  3848 | D:4      | Reached skill level 5 in Fighting
  3972 | D:4      | Found Perauf's Weapon Shop.
  3977 | D:4      | Reached skill level 2 in Staves
  4095 | D:4      | Found an iron altar of Okawaru.
  4171 | D:4      | Found Pankomn's Assorted Antiques.
  4475 | D:5      | Entered Level 5 of the Dungeon
  4499 | D:5      | Found a staircase to the Ecumenical Temple.
  4509 | Temple   | Entered the Ecumenical Temple
  4518 | Temple   | Became a worshipper of Hepliaklqana the Forgotten
  4518 | Temple   | Reached * piety under Hepliaklqana
  4518 | Temple   | Reached ** piety under Hepliaklqana
  4519 | Temple   | Remembered your ancestor Thulani as a battlemage
  4583 | D:5      | Found a glowing drain.
  4605 | Sewer    | Entered a sewer
  4659 | Sewer    | Noticed a water moccasin
  4662 | Sewer    | Killed a water moccasin
  4663 | Sewer    | Reached skill level 3 in Staves
  4663 | Sewer    | Reached skill level 1 in Bows
  4663 | Sewer    | Reached XP level 7. HP: 51/54 MP: 6/6
  4790 | D:5      | Found a sand-covered staircase.
  4798 | Ossuary  | Entered an ossuary
  4825 | Ossuary  | Reached skill level 4 in Staves
  4856 | Ossuary  | Reached skill level 5 in Staves
  4856 | Ossuary  | Reached XP level 8. HP: 19/63 MP: 7/7
  4864 | Ossuary  | Reached skill level 5 in Armour
  5225 | Ossuary  | Reached skill level 6 in Staves
  5249 | Ossuary  | Reached skill level 1 in Throwing
  5387 | Ossuary  | Reached skill level 7 in Staves
  5546 | D:5      | Noticed Pikel
  5552 | D:5      | Killed Pikel
  5553 | D:5      | Reached XP level 9. HP: 70/70 MP: 8/8
  5611 | D:5      | Reached skill level 8 in Staves
  5651 | D:5      | Found a white marble altar of Elyvilon.
  6000 | D:5      | Found a hide-covered altar of Uskayaw.
  6873 | D:6      | Reached *** piety under Hepliaklqana
  7338 | D:6      | Noticed Sigmund
  7339 | D:6      | Found a blossoming altar of Fedhas.
  7344 | D:6      | Killed Sigmund
  7345 | D:6      | Reached skill level 9 in Staves
  7540 | D:7      | Found a shimmering altar of Xom.
  7542 | D:7      | Reached skill level 5 in Dodging
  8103 | D:7      | Reached **** piety under Hepliaklqana
  8897 | D:8      | Found a broken altar of Ashenzari.
  9041 | D:8      | Noticed a two-headed ogre
  9046 | D:8      | Killed a two-headed ogre
  9047 | D:8      | Reached XP level 10. HP: 77/79 MP: 9/9
  9192 | D:8      | Reached skill level 5 in Bows
  9433 | D:8      | Reached skill level 10 in Staves
 10154 | D:9      | Found a sacrificial altar of Ru.
 10316 | D:9      | Found a glowing golden altar of the Shining One.
 10511 | D:9      | Noticed a gargoyle
 10512 | D:9      | Noticed a two-headed ogre
 10512 | D:9      | Noticed a wizard
 10515 | D:9      | Killed a gargoyle
 10520 | D:9      | Killed a two-headed ogre
 10585 | D:9      | Killed from afar by an efreet

Illustrated notes

Levels and vault maps discovered:
D:1:      psy_arrival_heroes, layout_loops_ring
D:2:      layout_loops_ring, roderic_roman_lattice
D:3:      layout_loops_cross, hellmonk_ecumenical_altar_blasted,
          grunt_ministairs_15, uniq_crazy_yiuf_cottage
D:4:      layout_basic, kennysheep_okawaru_gauntlet, serial_shops, shop, shop,
          nicolae_shop_bloodbath_and_beyond, nicolae_shop_advertising_works
          [nicolae_subvault_shop_adworks], minmay_door_square, uniq_ijyb
D:5:      layout_basic, mainiacjoe_overflow_catwalk,
          nicolae_overflow_crystal_walls, minmay_temple_entry_statues_pillars,
          gup_ossuary_entry_pyramid, gup_sewer_entry_glass, uniq_pikel
D:6:      layout_loops_ring, fedhas_bush_and_centaur_altar, uniq_sigmund
D:7:      layout_basic, mainiacjoe_overflow_cross_hatched,
          serial_co_window_serial, co_window_paths_a, co_window_paths_a,
          co_window_of_opportunity_a, co_window_corner_a,
          co_window_of_opportunity_a, co_window_of_opportunity_a,
          co_window_unsneaky_path_b, co_window_paths_c, co_window_broadway_c,
          co_window_broadway_c, co_window_4corner_b, co_window_paths_e,
          glass_columns_c, glass_columns_b
D:8:      layout_layer_cave, ashenzari_altar_1, nicolae_figureground_sparkle
D:9:      layout_basic, mainiacjoe_overflow_chevrons,
          nicolae_tso_carved_into_rock, minmay_radiant
Temple:   cyrus_circular_temple

Skill      XL: |  1  2  3  4  5  6  7  8  9 10 |
---------------+-------------------------------+-----
Axes           | 4 |  4.7
Fighting       | 4 5 6 8 9 |  9.0
Stealth        | 2 3 |  3.3
Armour         | 1 2 3 4 6 8 9 |  9.4
Polearms       | 1 2 |  2.3
Dodging        | 4 5 |  5.1
Staves         | 1 3 5 7 9 10 | 10.8
Short Blades   | 1 |  1.0
Bows           | 1 2 3 4 6 |  6.3
Throwing       | 2 3 |  3.0
Unarmed Combat | |  0.2

Action                   |  1- 3 |  4- 6 |  7- 9 | 10-12 || total
-------------------------+-------+-------+-------+-------++-------
Melee: Hand axe          |    66 |       |       |       ||    66
       Headbutt          |    11 |    17 |    37 |    12 ||    77
       Trident           |    31 |    20 |       |       ||    51
       Punch             |     1 |       |       |       ||     1
       Dagger            |       |    14 |       |       ||    14
       Quarterstaff      |       |    56 |   158 |    59 ||   273
       Unarmed           |       |     3 |       |       ||     3
 Fire: Shortbow          |       |    12 |    42 |    17 ||    71
Throw: Stone             |       |     3 |    24 |     3 ||    30
Invok: Ancestor Life: Ba |       |     1 |       |       ||     1
  Use: Scroll            |       |     1 |     9 |       ||    10
 Stab: Sleeping          |     4 |       |       |       ||     4
       Confused          |       |     1 |       |       ||     1
       Distracted        |       |       |     2 |     1 ||     3
       Paralysed         |       |       |     1 |       ||     1
Armor: Robe              |     6 |       |       |       ||     6
       Leather armour    |     4 |       |       |       ||     4
       Ring mail         |    12 |    29 |    30 |       ||    71
       Chain mail        |       |       |    30 |    14 ||    44
       Scale mail        |       |       |     2 |       ||     2
       Plate armour      |       |       |       |    18 ||    18
Dodge: Dodged            |    66 |   110 |   121 |    24 ||   321
